 Dungeon Crawl Stone Soup version 0.25-a0-611-g6918904 (webtiles) character file.

Game seed: 1083609630674632703, levelgen mode: deterministic

26793 mrBerzer the Basher (level 13, -8/81 HPs)
             Began as a Gargoyle Fighter on Mar 16, 2020.
             Was a Priest of the Shining One.
             Killed by the raging water
             ... invoked by a water nymph
              (16 damage)
             ... on level 1 of the Shoals.
             The game lasted 01:08:19 (12747 turns).

mrBerzer the Basher (Gargoyle Fighter)             Turns: 12747, Time: 01:08:19

Health: -8/81      AC: 30    Str: 26    XL:     13   Next: 28%
Magic:  13/13      EV:  8    Int:  9    God:    the Shining One [***...]
Gold:   417        SH: 14    Dex: 13    Spells: 12/12 levels left

rFire    + + +     SeeInvis .   H - +3 flail
rCold    x . .     Gourm    .   c - +0 kite shield
rNeg     + + .     Faith    .   I - +2 plate armour {rF+}
rPois    ∞         Spirit   .   o - +0 helmet
rElec    +         Reflect  .   q - +0 cloak {rPois}
rCorr    .         Harm     .   r - +0 pair of gloves
MR       .....                  (no boots)
Stlth    ..........             (no amulet)
HPRegen  0.23/turn              n - ring of fire
MPRegen  0.13/turn              K - +3 ring of dexterity

@: flying, slowed, glowing, very slow
A: fire resistance 1, negative energy resistance 1, electricity resistance,
strong 1, unbreathing, petrification resistance, rot immunity, AC +9
a: Divine Shield, Renounce Religion


You were on level 1 of the Shoals.
You worshipped the Shining One.
The Shining One was most pleased with you.
You were hungry.

You visited 4 branches of the dungeon, and saw 14 of its levels.
You also visited: Volcano.

You collected 761 gold pieces.
You spent 344 gold pieces at shops.

Inventory:

Hand Weapons
 H - a +3 flail (weapon)
 L - a +2 triple sword of flaming
 M - a +1 battleaxe of flaming
Missiles
 a - 5 atropa-tipped darts (quivered)
 w - 5 javelins
Armour
 c - a +0 kite shield (worn)
 o - a +0 helmet (worn)
 q - a +0 cloak of poison resistance (worn)
 r - a +0 pair of gloves (worn)
 I - a +2 plate armour of fire resistance (worn)
Magical Staves
 B - an uncursed staff of death {unknown}
Jewellery
 n - a ring of fire (left hand)
 K - a +3 ring of dexterity (right hand)
Wands
 g - a wand of iceblast (6)
 p - a wand of paralysis (8)
 G - a wand of scattershot (4)
Scrolls
 e - 4 scrolls of remove curse
 j - 2 scrolls of amnesia {unknown}
 k - 4 scrolls of identify
 m - 2 scrolls of teleportation
 u - 2 scrolls of blinking {unknown}
 z - a scroll of random uselessness {unknown}
 A - a scroll of enchant weapon {unknown}
 C - 2 scrolls of magic mapping {unknown}
Potions
 b - 2 potions of invisibility
 d - 2 potions of brilliance
 s - 4 potions of stabbing
 J - a potion of cancellation
Comestibles
 f - 22 rations


   Skills:
 + Level 9.7 Fighting
 + Level 13.4 Maces & Flails
 + Level 10.5 Armour
 + Level 2.6 Dodging
 + Level 1.7 Stealth
 + Level 13.0 Shields
 + Level 0.3 Invocations
 + Level 0.8 Evocations


You had 12 spell levels left.
You didn't know any spells.
Your spell library contained the following spells:

 Spells                   Type           Power        Failure   Level  Hunger
 Animate Skeleton         Necr           N/A          99%         1    ##.....
 Foxfire                  Conj/Fire      #...         99%         1    ##.....
 Freeze                   Ice            #...         99%         1    ##.....
 Pain                     Necr           #...         99%         1    ##.....
 Shock                    Conj/Air       #...         99%         1    ##.....
 Swiftness                Chrm/Air       #.......     100%        2    ###....
 Confusing Touch          Hex            #.......     100%        3    ####...
 Conjure Flame            Conj/Fire      #.......     100%        3    ####...
 Frozen Ramparts          Ice            #.....       100%        3    ####...
 Gell's Gravitas          Tloc           #.........   100%        3    ####...
 Inner Flame              Hex/Fire       #.......     100%        3    ####...
 Ozocubu's Armour         Chrm/Ice       #.......     100%        3    ####...
 Static Discharge         Conj/Air       #.......     100%        3    ####...
 Vampiric Draining        Necr           #.........   100%        3    ####...
 Airstrike                Air            #.........   100%        4    #####..
 Animate Dead             Necr           N/A          100%        4    #####..
 Hailstorm                Conj/Ice       #.......     100%        4    #####..
 Petrify                  Tmut/Erth      #.......     100%        4    #####..
 Sticky Flame             Conj/Fire      #.......     100%        4    #####..
 Summon Ice Beast         Ice/Summ       #.......     100%        4    #####..
 Agony                    Necr           #.......     100%        5    ######.
 Fireball                 Conj/Fire      #.........   100%        5    ######.
 Lightning Bolt           Conj/Air       #.........   100%        5    ######.
 Metabolic Englaciation   Hex/Ice        #.........   100%        5    ######.
 Yara's Violent Unravell  Hex/Tmut       #.........   100%        5    ######.


Dungeon Overview and Level Annotations

Branches:
Dungeon (9/15)             Temple (1/1) D:4            Lair (3/6) D:9
 Shoals (1/4) Lair:2      Volcano (visited)
  Snake: Lair:2-4    Spider: Lair:2-4       Orc: D:9-12

Altars:
Cheibriados
Elyvilon
Fedhas
Gozag
Makhleb
Okawaru
Qazlal
Sif Muna
Uskayaw
Vehumet
Wu Jian
Xom
Yredelemnul
Zin
The Shining One

Shops:
D:5 [[   D:7 =%[(   D:9 =


Innate Abilities, Weirdness & Mutations

You are resistant to torment.
Your stone body is resilient. (AC +9)
You are immune to poison.
You resist negative energy. (rN+)
You are resistant to electric shocks. (rElec)
You can survive without breathing.
You are immune to petrification.
You are immune to rotting.
Your flesh is heat resistant. (rF+)
Your muscles are strong. (Str +2)


Message History

The sea snake bites you but does no damage.
The faun completely misses you. The sea snake barely misses you.
You hit the sea snake.
The sea snake is lightly wounded.
Your surroundings suddenly seem different.
A water nymph comes into view.
Found 25 arrows.
A water nymph is nearby!
You start resting.
You block the water nymph's attack.
You feel very buoyant.
You fly up into the air.
The water nymph touches you.
* * * LOW HITPOINT WARNING * * *
You sock the water nymph!
The water nymph is lightly wounded.
The water nymph touches you.
You hit the water nymph.
The water nymph is moderately wounded.
The water nymph casts a spell at you. The water rises up and strikes you!
You die...

≈≈≈≈.≈≈≈≈≈..≈≈.##
≈≈≈≈≈...≈≈.......
≈≈≈≈≈...≈≈.....≈.
≈≈≈≈≈≈≈........≈≈
.≈≈≈.≈m≈.# .≈..≈≈
≈≈≈≈≈..≈.##.≈..≈≈
≈≈.....#.≈≈...≈≈≈
≈≈≈...###m≈....≈≈
(....# #@.≈.....≈
..... ##...###..
.... #....# ....
#.......
##....... ≈......
≈≈≈≈..# .≈≈≈...


You could see a water nymph.

Vanquished Creatures
  Gastronok (D:8)
  A merfolk impaler (Shoals:1)
  2 hydras
  A two-headed ogre (D:9)
  A sun demon (Volcano)
  4 sea snakes (Shoals:1)
  Pikel (D:8)
  An ugly thing (Volcano)
  5 manticores
  2 fauns (Shoals:1)
  4 elephants (Lair:2)
  3 merfolk sirens
  3 spiny frogs (Lair:2)
  A komodo dragon (Lair:2)
  A red devil (Volcano)
  A queen bee (Lair:2)
  5 merfolk
  3 blink frogs (Lair:1)
  4 hippogriffs
  2 snapping turtles (Shoals:1)
  15 yaks
  Grum (D:9)
  A hungry ghost (D:8)
  2 water moccasins (Lair:1)
  7 porcupines
  2 ice beasts
  An orc warrior (D:8)
  2 sky beasts
  A black bear (D:9)
  9 wolves
  An ogre (D:5)
  2 necrophages (D:7)
  4 centaurs
  7 crocodiles
  Blork the orc (D:5)
  10 big kobolds
  A gnoll sergeant (D:6)
  9 bullfrogs
  2 scorpions
  30 killer bees
  An electric eel (D:6)
  A howler monkey (D:7)
  4 crimson imps
  A centaur zombie (D:9)
  A quasit (D:8)
  3 orc priests
  5 hounds
  A jelly (D:7)
  11 orc wizards
  2 iguanas (D:6)
  6 worker ants
  A killer bee zombie (D:8)
  A hound skeleton (D:7)
  A howler monkey zombie (D:5)
  A worker ant zombie (D:5)
  5 gnolls (D:6)
  7 adders
  2 shadow imps
  An ooze (D:3)
  3 worms
  4 dart slugs
  7 leopard geckos
  28 orcs
  A ball python (D:1)
  7 bats
  5 giant cockroaches
  6 goblins
  7 hobgoblins
  6 jackals
  55 kobolds
  2 quokkas
  4 frilled lizards
  A giant cockroach zombie (D:6)
  A leopard gecko zombie (D:8)
  7 rats
  A plant (Shoals:1)
354 creatures vanquished.

Vanquished Creatures (others)
  A bullfrog (D:8)
  A worker ant (D:8)
  A kobold (D:8)
  6 fungi
  7 plants
16 creatures vanquished.

Grand Total: 370 creatures vanquished

Notes
Turn   | Place    | Note
-------+----------+-------------------------------------------
     0 | D:1      | mrBerzer the Gargoyle Fighter began the quest for the Orb.
     0 | D:1      | Reached XP level 1. HP: 14/14 MP: 1/1
    72 | D:1      | Reached XP level 2. HP: 8/19 MP: 2/2
   436 | D:1      | Reached XP level 3. HP: 16/23 MP: 3/3
  1107 | D:2      | Found a hide-covered altar of Uskayaw.
  1110 | D:2      | Noticed a +0 dagger
  1111 | D:2      | Noticed a +0 hand axe
  1172 | D:2      | Reached XP level 4. HP: 19/29 MP: 4/4
  1866 | D:2      | Found a shadowy altar of Dithmenos.
  1868 | D:2      | Found a shimmering altar of Xom.
  1868 | D:2      | Found a bloodstained altar of Trog.
  1870 | D:2      | Found a shimmering altar of Xom.
  1870 | D:2      | Found a hazy altar of Hepliaklqana.
  1870 | D:2      | Found a hide-covered altar of Uskayaw.
  1983 | D:3      | Found an opulent altar of Gozag.
  2028 | D:3      | Reached XP level 5. HP: 31/33 MP: 5/5
  2222 | D:3      | Found a burning altar of Makhleb.
  2655 | D:4      | Found a staircase to the Ecumenical Temple.
  2675 | Temple   | Entered the Ecumenical Temple
  2706 | Temple   | Became a worshipper of the Shining One
  2906 | D:4      | Reached skill level 1 in Dodging
  2968 | D:4      | Reached XP level 6. HP: 30/38 MP: 6/6
  3115 | D:4      | Reached skill level 1 in Stealth
  3648 | D:5      | Entered Level 5 of the Dungeon
  3698 | D:5      | Found Ykoyheko's Antique Armour Shoppe.
  3720 | D:5      | Bought a glowing cloak for 187 gold pieces
  3734 | D:5      | The Shining One protects you from harm!
  4099 | D:5      | Reached XP level 7. HP: 39/44 MP: 7/7
  4140 | D:5      | Found a glowing silver altar of Zin.
  4141 | D:5      | Found a snail-covered altar of Cheibriados.
  4142 | D:5      | Noticed Blork the orc
  4264 | D:5      | Got a twisted whip
  4280 | D:5      | Found Lowkee's Armour Shop.
  4289 | D:5      | Killed Blork the orc
  4289 | D:5      | Reached skill level 5 in Maces & Flails
  4301 | D:5      | Reached skill level 5 in Shields
  4492 | D:5      | Found a stormy altar of Qazlal.
  5393 | D:6      | Reached XP level 8. HP: 45/48 MP: 8/8
  5451 | D:6      | Reached skill level 5 in Fighting
  5666 | D:6      | Reached skill level 5 in Armour
  5669 | D:6      | Reached * piety under the Shining One
  6136 | D:6      | Reached XP level 9. HP: 32/54 MP: 9/9
  6646 | D:7      | Found Acym's Armour Shop.
  6721 | D:7      | Found Zazaulun's Food Boutique.
  6750 | D:7      | Found Kesauj's Jewellery Boutique.
  7123 | D:7      | Found a burning altar of Makhleb.
  7165 | D:7      | Found Lawojuss's Weapon Shop.
  7441 | D:8      | Reached ** piety under the Shining One
  7458 | D:8      | Noticed Pikel
  7471 | D:8      | Killed Pikel
  7471 | D:8      | Reached XP level 10. HP: 40/60 MP: 10/10
  7568 | D:8      | Noticed Gastronok
  7603 | D:8      | Killed Gastronok
  8290 | D:9      | Reached skill level 10 in Maces & Flails
  8479 | D:9      | Noticed a two-headed ogre
  8489 | D:9      | Killed a two-headed ogre
  8489 | D:9      | Reached skill level 10 in Shields
  8562 | D:9      | Reached XP level 11. HP: 51/67 MP: 11/11
  8867 | D:9      | Found a staircase to the Lair.
  8897 | D:9      | Noticed Grum
  8913 | Lair:1   | Entered Level 1 of the Lair of Beasts
  9098 | D:9      | Killed Grum
  9370 | D:9      | Found Founkedgh's Jewellery Emporium.
  9378 | D:9      | Bought a +3 ring of dexterity for 157 gold pieces
  9491 | D:9      | Noticed a manticore
  9507 | D:9      | Killed a manticore
  9598 | D:9      | Reached *** piety under the Shining One
 10062 | Lair:1   | You fall into a shaft and drop 1 floor!
 10063 | Lair:2   | Found a dark tunnel.
 10072 | Volcano  | Entered a volcano
 10089 | Volcano  | Noticed a sun demon
 10089 | Volcano  | Noticed a red ugly thing
 10114 | Volcano  | Killed a red ugly thing
 10130 | Volcano  | Killed a sun demon
 10144 | Volcano  | Reached XP level 12. HP: 61/74 MP: 12/12
 10233 | Lair:2   | Gained mutation: Your muscles are strong. (Str +2) [potion
                  | of mutation]
 10233 | Lair:2   | Gained mutation: Your flesh is heat resistant. (rF+)
                  | [potion of mutation]
 10808 | Lair:2   | Noticed a seven-headed hydra
 10839 | Lair:3   | Killed a seven-headed hydra
 10902 | Lair:2   | Noticed a seven-headed hydra
 10917 | Lair:2   | Killed a seven-headed hydra
 11159 | Lair:2   | Found a staircase to the Shoals.
 11168 | Shoals:1 | Entered Level 1 of the Shoals
 12075 | Shoals:1 | Reached skill level 10 in Armour
 12075 | Shoals:1 | Reached XP level 13. HP: 71/80 MP: 13/13
 12346 | Shoals:1 | Noticed a merfolk impaler
 12520 | Shoals:1 | Killed a merfolk impaler
 12747 | Shoals:1 | Killed from afar by a water nymph

Levels and vault maps discovered:
D:1:      dpeg_arrival_tiny_i, layout_basic
D:2:      layout_basic, dancing_weapons_uskayaw, doesnt_xom_only_xom
D:3:      layout_loops_ring, overflow_temple_1_default, grunt_gozag_breadcrumbs
D:4:      layout_basic, minmay_temple_entry_butterflies, first_ration
D:5:      layout_layer_cave, kennysheep_mini_moat,
          nicolae_overflow_hidden_temple, serial_shops, nicolae_shop_stone,
          shop, grunt_ministairs_6, uniq_blork_the_orc
D:6:      minmay_goblin_kobold_castle, layout_basic, serial_co_window_serial,
          co_window_corner_a, co_window_of_opportunity_a, co_window_corner_a,
          co_window_of_opportunity_a, co_window_paths_a, co_window_2corner,
          co_window_unsneaky_path_a, co_window_broadway_c, co_window_paths_c,
          co_window_sun, co_window_4corner_a
D:7:      layout_basic, serial_shops, shop, nicolae_shop_stone,
          nicolae_shop_temple_entry_statues_fountains, nicolae_shop_trees,
          makhleb_blood_cavern_becter
D:8:      layout_gridville, uniq_pikel, uniq_gastronok
D:9:      layout_long_grid, minmay_lair_entry_grove, serial_glass,
          glass_columns_c, glass_columns_c, serial_shops, shop, uniq_grum
Temple:   eino_temple_scatter_basement
Lair:1:   layout_regular_city, serial_bayou_shore_a, infiniplex_staircase_pool
Lair:2:   layout_roguey [special_room_bee], elwin_shoals_entry_stream,
          enter_volcano_2, lemuel_fruit_tree, lemuel_fruit_fields
Lair:3:   layout_gridlike, gammafunk_ghost_hive, uniq_snorg
Shoals:1: layout_shoals

Skill      XL: |  1  2  3  4  5  6  7  8  9 10 11 12 13 |
---------------+----------------------------------------+-----
Shields        | 4 5 6 8 10 11 12 13 | 13.0
Armour         | 4 5 6 7 9 10 | 10.5
Maces & Flails | 3 4 5 7 8 10 11 13 | 13.4
Dodging        | 1 2 |  2.6
Stealth        | 1 |  1.7
Fighting       | 4 5 6 7 8 9 |  9.7
Invocations    | |  0.3
Evocations     | |  0.8

Action                   |  1- 3 |  4- 6 |  7- 9 | 10-12 | 13-15 || total
-------------------------+-------+-------+-------+-------+-------++-------
Melee: Flail             |   153 |   246 |   451 |   748 |   118 ||  1716
Invok: Divine Shield     |       |       |       |     1 |       ||     1
Evoke: Wand              |       |       |     2 |       |       ||     2
  Use: Potion            |       |       |     5 |    18 |     1 ||    24
       Scroll            |       |       |       |     6 |     2 ||     8
  Eat: Chunk             |     1 |     7 |     3 |     5 |       ||    16
       Ration            |       |     1 |     3 |     4 |       ||     8
Armor: Scale mail        |   127 |   135 |    45 |       |       ||   307
       Plate armour      |       |       |   314 |   520 |    79 ||   913
Dodge: Dodged            |    69 |    97 |   142 |   212 |    32 ||   552
Block: Kite shield       |   118 |   131 |   303 |   591 |    84 ||  1227

Table legend:
 A = Non-vault XP
 B = Vault XP
 C = Vault XP percentage of total XP
 D = Non-vault monster count
 E = Vault monster count
 F = Vault count percentage of total count
                 A         B        C        D         E       F
            +---------+---------+-------+---------+---------+-------
      Total |   27281 |   10996 |  28.7 |     250 |     103 |  29.2
            +---------+---------+-------+---------+---------+-------
        D:1 |      58 |       0 |   0.0 |      30 |       0 |   0.0
        D:2 |      93 |       0 |   0.0 |      16 |       0 |   0.0
        D:3 |      55 |       0 |   0.0 |      19 |       0 |   0.0
        D:4 |     256 |       0 |   0.0 |      12 |       0 |   0.0
        D:5 |     400 |      96 |  19.4 |      12 |       1 |   7.7
        D:6 |    1012 |     757 |  42.8 |      25 |      49 |  66.2
        D:7 |     784 |     142 |  15.3 |      18 |       2 |  10.0
        D:8 |    1310 |    2749 |  67.7 |      27 |       2 |   6.9
        D:9 |    5106 |    2074 |  28.9 |      41 |      16 |  28.1
     Lair:1 |    1775 |     121 |   6.4 |       9 |       1 |  10.0
     Lair:2 |    6231 |    3359 |  35.0 |      22 |      29 |  56.9
     Lair:3 |     951 |       0 |   0.0 |       1 |       0 |   0.0
   Shoals:1 |    9250 |       0 |   0.0 |      18 |       0 |   0.0
    Volcano |       0 |    1698 | 100.0 |       0 |       3 | 100.0
            +---------+---------+-------+---------+---------+-------
